 Dungeon Crawl Stone Soup version 0.30-a0-458-g86641cc369 (webtiles) character file.

Game seed: 17769409523299497913

2625861 ragingrage the Merfolkian Blade (level 27, 207/207 HPs)
             Began as a Merfolk Gladiator on Dec 14, 2022.
             Was an Initiate of Gozag.
             Escaped with the Orb
             ... and 5 runes on Dec 15, 2022!
             The game lasted 02:55:18 (91885 turns).

ragingrage the Merfolkian Blade (MfGl)             Turns: 91885, Time: 02:55:19

Health: 207/207    AC: 25    Str: 26    XL:     27
Magic:  27/27      EV: 47    Int: 12    God:    Gozag
Gold:   3388       SH: 12    Dex: 41    Spells: 21/36 levels left

rFire   + + .      SeeInvis +    G - +7 demon blade "Spiderbane" {vamp, Str+3}
rCold   + + +      Faith    .    Z - +1 buckler "Qethrano" {+Inv rC+++ Regen+ Int-4}
rNeg    + + +      Spirit   .    k - +2 scale mail "Jaym Bigg" {rF++ rCorr Dex+2}
rPois   +          Reflect  .    W - +0 helmet of Duty {rN+++ Will+ Str-3 Dex+7}
rElec   +          Harm     .    K - +2 cloak
rCorr   +          Rampage  .    P - +3 pair of gauntlets of War {Slay+5}
Will    ++++.                    b - +1 pair of boots "Balytrem" {rElec rC- Str+7}
Stlth   ++........               n - amulet "Reqo" {rPois rC+ Regen+ Str+3}
HPRegen 2.14/turn                L - ring of Ragoho {Int+5 Dex+6 Stlth-}
MPRegen 0.20/turn                C - ring of Jiurur {Will+ EV+4}

@: gold aura, studying Ice Magic
A: (nimble swimmer 2), mertail, see invisible, agile 1, frail 1, low MP 1,
inability to drink after injury 1
0: Orb of Zot
}: 5/15 runes: decaying, serpentine, slimy, silver, abyssal
a: Renounce Religion, Evoke Invisibility, Potion Petition, Call Merchant, Bribe
Branch


You escaped.
You worshipped Gozag.
Gozag was most pleased with you.
You visited 10 branches of the dungeon, and saw 52 of its levels.
You visited the Abyss 5 times.
You visited 3 bazaars.
You also visited: Trove.

You collected 32486 gold pieces.
You spent 16041 gold pieces at shops.
You paid 13057 gold pieces to Gozag.

Inventory:

Hand Weapons
 G - the +7 demon blade "Spiderbane" (weapon) {vamp, Str+3}
   (You acquired it on level 1 of the Elven Halls)

   It occasionally heals its wielder for a portion of the damage dealt when it
   wounds a living foe.
   Str:       It affects your strength (+3).
Missiles
 e - 22 javelins (quivered)
 s - 35 atropa-tipped darts
 x - 9 silver javelins
 M - 2 throwing nets
 U - 6 curare-tipped darts
Armour
 b - the +1 pair of boots "Balytrem" (worn) {rElec rC- Str+7}
   (You found it on level 2 of the Snake Pit)

   Str:       It affects your strength (+7).
   rC:        It makes you vulnerable to cold.
   rElec:     It insulates you from electricity.
 k - the +2 scale mail "Jaym Bigg" (worn) {rF++ rCorr Dex+2}
   (You bought it in a shop on level 15 of the Dungeon)

   Dex:       It affects your dexterity (+2).
   rF:        It greatly protects you from fire.
   rCorr:     It protects you from acid and corrosion.
 K - a +2 cloak (worn)
 P - the +3 pair of gauntlets of War (worn) {Slay+5}
   (You bought it in a shop on level 1 of the Dungeon)

   Slay:      It affects your accuracy & damage with ranged weapons and melee
   (+5).
 W - the +0 helmet of Duty (worn) {rN+++ Will+ Str-3 Dex+7}
   (You bought it in a shop on level 10 of the Dungeon)

   Str:       It affects your strength (-3).
   Dex:       It affects your dexterity (+7).
   rN:        It renders you almost immune to negative energy.
   Will:      It increases your willpower.
 Z - the +1 buckler "Qethrano" (worn) {+Inv rC+++ Regen+ Int-4}
   (You took it off a tengu reaver on level 5 of the Vaults)

   Int:       It affects your intelligence (-4).
   rC:        It renders you almost immune to cold.
   +Inv:      It lets you turn invisible.
   Regen:     It increases your rate of health regeneration.
Jewellery
 n - the amulet "Reqo" (around neck) {rPois rC+ Regen+ Str+3}
   (You found it in a treasure trove)

   [amulet of regeneration]

   Str:       It affects your strength (+3).
   rC:        It protects you from cold.
   rPois:     It protects you from poison.
   Regen:     It increases your rate of health regeneration.
 C - the ring of Jiurur (right hand) {Will+ EV+4}
   (You took it off a deep elf annihilator on level 3 of the Elven Halls)

   [ring of evasion]

   EV:        It affects your evasion (+4).
   Will:      It increases your willpower.
 L - the ring of Ragoho (left hand) {Int+5 Dex+6 Stlth-}
   (You bought it in a shop on level 4 of the Depths)

   [ring of dexterity]

   Int:       It affects your intelligence (+5).
   Dex:       It affects your dexterity (+6).
   Stlth:     It makes you less stealthy.
Wands
 a - a wand of charming (40)
 f - a wand of quicksilver (24)
 m - a wand of iceblast (45)
 z - a wand of digging (39)
 X - a wand of mindburst (15)
 Y - a wand of flame (34)
Scrolls
 g - 11 scrolls of fog
 o - 8 scrolls of blinking
 t - 3 scrolls of immolation
 u - 7 scrolls of magic mapping
 v - 2 scrolls of silence
 w - 7 scrolls of poison
 B - 7 scrolls of fear
 E - 16 scrolls of teleportation
 N - 5 scrolls of summoning
Potions
 c - 10 potions of attraction
 d - 7 potions of berserk rage
 h - 11 potions of lignification
 i - 9 potions of mutation
 j - 26 potions of curing
 p - 11 potions of heal wounds
 q - 4 potions of invisibility
 A - a potion of flight
 D - 8 potions of might
 H - 4 potions of cancellation
 J - 2 potions of magic
 O - 7 potions of brilliance
 Q - 7 potions of ambrosia
 R - 8 potions of haste
 S - 3 potions of resistance
Miscellaneous
 r - a phial of floods
 y - a condenser vane
 F - a phantom mirror
 I - a box of beasts
 T - a tin of tremorstones (2/2)


   Skills:
 + Level 21.9 Fighting
 + Level 24.1 Long Blades
 - Level 16.0 Throwing
 + Level 16.4 Armour
 + Level 23.5 Dodging
 + Level 17.5 Stealth
 - Level 15.0 Shields
 - Level 5.0 Spellcasting
 - Level 8.0 Translocations
 - Level 12.0 Transmutations
 - Level 15.0 Ice Magic
 + Level 17.4 Evocations


You had 21 spell levels left.
You knew the following spells:

 Your Spells              Type           Power      Damage    Failure   Level
a - Wereblood             Tmut           31%        N/A       1%          2
b - Ozocubu's Armour      Ice            39%        N/A       1%          3
c - Blink                 Tloc           44%        N/A       2%          2
d - Manifold Assault      Tloc           22%        N/A       14%         4
e - Passage of Golubria   Tloc           22%        N/A       14%         4

Your spell library contained the following spells:

 Spells                   Type           Power      Damage    Failure   Level
 Apportation              Tloc           44%        N/A       1%          1
 Frozen Ramparts          Ice            78%        1d12      1%          3
 Ice Form                 Ice/Tmut       35%        N/A       1%          4
 Ensorcelled Hibernation  Hex/Ice        42%        N/A       2%          2
 Passwall                 Tmut/Erth      14%        N/A       4%          2
 Gell's Gravitas          Tloc           22%        N/A       4%          3
 Lesser Beckoning         Tloc           44%        N/A       4%          3
 Teleport Other           Tloc           22%        N/A       4%          3
 Hailstorm                Conj/Ice       21%        3d6       5%          3
 Blade Hands              Tmut           15%        N/A       8%          5
 Momentum Strike          Conj/Tloc      24%        3d8       12%         2
 Summon Ice Beast         Ice/Summ       21%        N/A       19%         4
 Ignite Poison            Fire/Tmut/Pois 12%        N/A       22%         3
 Portal Projectile        Hex/Tloc       24%        N/A       22%         3
 Foxfire                  Conj/Fire      12%        2x1d4     36%         1
 Magic Dart               Conj           12%        1d3       36%         1
 Necrotise                Necr           12%        1d4       36%         1
 Sandblast                Erth           6%         2d5       36%         1
 Summon Small Mammal      Summ           12%        N/A       36%         1
 Kindle Blastsparks       Fire/Tloc/Air  18%        2d11      38%         3
 Metabolic Englaciation   Hex/Ice        10%        N/A       45%         5
 Call Imp                 Summ           3%         N/A       52%         2
 Cigotuvi's Dreadful Rot  Necr/Pois/Air  6%         N/A       52%         2
 Poisonous Vapours        Pois/Air       6%         N/A       52%         2
 Scorch                   Fire           6%         2d5       52%         2
 Searing Ray              Conj           6%         2d4       52%         2
 Sublimation of Blood     Necr           3%         N/A       52%         2
 Ozocubu's Refrigeration  Ice            19%        4d11      56%         7
 Iskenderun's Mystic Bla  Conj/Tloc      12%        2d5       58%         4
 Alistair's Intoxication  Tmut/Pois      11%        N/A       67%         5
 Irradiate                Conj/Tmut      8%         3d14      67%         5
 Yara's Violent Unravell  Hex/Tmut       8%         3d5       67%         5
 Call Canine Familiar     Summ           3%         N/A       75%         3
 Dazzling Flash           Conj/Hex       6%         N/A       75%         3
 Inner Flame              Hex/Fire       3%         N/A       75%         3
 Mephitic Cloud           Conj/Pois/Air  3%         N/A       75%         3
 Stone Arrow              Conj/Erth      6%         3d7       75%         3
 Summon Guardian Golem    Hex/Summ       3%         N/A       75%         3
 Tukima's Dance           Hex            3%         N/A       75%         3
 Vampiric Draining        Necr           3%         2d6       75%         3
 Freezing Cloud           Conj/Ice/Air   7%         6-21      80%         5
 Summon Forest            Summ/Tloc      6%         N/A       91%         5
 Dragon Form              Tmut           15%        N/A       94%         7
 Animate Armour           Summ/Erth      6%         N/A       98%         4
 Cause Fear               Hex            1%         N/A       98%         4
 Flame Wave               Conj/Fire      3%         2d5       98%         4
 Fulminant Prism          Conj/Hex       1%         3d5       98%         4
 Olgreb's Toxic Radiance  Pois           3%         N/A       98%         4
 Summon Lightning Spire   Summ/Air       3%         N/A       98%         4
 Eringya's Noxious Bog    Tmut/Pois      8%         N/A       99%         6
 Agony                    Necr           3%         N/A       100%        5
 Borgnjor's Vile Clutch   Necr/Erth      1%         N/A       100%        5
 Fireball                 Conj/Fire      1%         3d3       100%        5
 Iskenderun's Battlesphe  Conj           3%         2d6       100%        5
 Lee's Rapid Deconstruct  Erth           1%         3d4*      100%        5
 Lightning Bolt           Conj/Air       1%         1d12      100%        5
 Silence                  Hex/Air        1%         N/A       100%        5
 Summon Mana Viper        Hex/Summ       3%         N/A       100%        5
 Death Channel            Necr           1%         N/A       100%        6
 Iron Shot                Conj/Erth      1%         9d1       100%        6
 Starburst                Conj/Fire      1%         6d3       100%        6
 Summon Cactus Giant      Summ           1%         N/A       100%        6
 Haunt                    Necr/Summ      1%         N/A       100%        7
 Orb of Destruction       Conj           1%         9d5       100%        7
 Spellforged Servitor     Conj/Summ      1%         N/A       100%        7
 Storm Form               Tmut/Air       8%         N/A       100%        7
 Summon Hydra             Summ           1%         N/A       100%        7
 Ignition                 Fire           1%         3d3       100%        8
 Infestation              Necr           1%         N/A       100%        8
 Lehudib's Crystal Spear  Conj/Erth      1%         10d2      100%        8
 Maxwell's Capacitive Co  Air            1%         ∞         100%        8
 Dragon's Call            Summ           1%         N/A       100%        9
 Fire Storm               Conj/Fire      1%         8d1       100%        9
 Polar Vortex             Ice            19%        N/A       100%        9
 Simulacrum               Ice/Necr       Unusable   N/A       N/A         6
 Animate Dead             Necr           Unusable   N/A       N/A         4

Dungeon Overview and Level Annotations

Branches:
Dungeon (15/15)            Temple (0/1) D:5            Lair (5/5) D:11
  Swamp (4/4) Lair:3        Snake (4/4) Lair:3        Slime (5/5) Lair:5
    Orc (2/2) D:11            Elf (3/3) Orc:2        Vaults (5/5) D:13
  Crypt (0/3) Vaults:3     Depths (4/4) D:15            Zot (5/5) Depths:4

Altars:
Dithmenos
Elyvilon
Gozag
Hepliaklqana
Makhleb
Nemelex Xobeh
Okawaru
Vehumet
Xom
Zin
Jiyva
Lugonu

Shops:
D:1 [:[([   D:5 [   D:7 (   D:9 :*   D:10 [   D:12 [   D:15 ?[[=   Orc:2 :[!=
Snake:2 *=*   Depths:4 *=

Portals:
Hell: Depths:1 Depths:2 Depths:3 Depths:4
Abyss: Depths:3 Depths:4
Pandemonium: Depths:2 Depths:4
Ziggurat: Depths:3

Annotations:
D:10 exclusion: downstairs
Lair:3 1 runed translucent door, exclusion: downstairs, BlueFish's ghost, journeyman MiFi
Swamp:2 1 runed translucent door
Swamp:3 2 transporters, Lisott's ghost, adept TrDe
Orc:1 3 runed translucent doors
Vaults:3 3 runed translucent doors, Marixus's ghost, adept HOFi
Zot:2 exclusion: door


Innate Abilities, Weirdness & Mutations

((You are very nimble when in or above water. (Stealth+, EV+, Speed+++)))
Your lower body shifts to a powerful aquatic tail in water.
You have supernaturally acute eyesight. (SInv)
You are agile. (Dex +4, Str/Int -1)
You are frail. (-10% HP)
Your magical capacity is low. (-10% MP)
You occasionally lose the ability to drink potions when taking damage.


Message History

(Z) Zot
Where to? (Enter - D:1 @ (x,y), ? - help)
What level of the Dungeon? (default 1, ? - help)
You howl as the wereblood boils in your veins!
You howl as the wereblood boils in your veins!
Your primal bloodlust is almost over.
You howl as the wereblood boils in your veins!
Your primal bloodlust has ended.
A green death comes into view.
The green death roars!
The green death gestures at you. The blast of poison misses you.
You block the green death's attack.
You slash the green death!
The green death is lightly wounded.
You slice the green death!!
The green death is heavily wounded.
The green death gestures at you. The bolt of poison misses you.
You slash the green death!
The green death is severely wounded.
You barely miss the green death.
The green death is severely wounded.
The green death misses you.
You completely miss the green death.
The green death is severely wounded.
The green death completely misses you.
You slash the green death!
The green death is almost dead.
You hit the green death.
The green death is almost dead.
The green death completely misses you.
You slice the green death like a ripe choko!!!
You kill the green death!
You now have 3388 gold pieces (gained 13).
Press: ? - help, . - travel You can't see that place. [the floor.]
There is a staircase leading out of the dungeon here.
You have escaped!

.........# ###..###.........
#.......## ##.....######.#
#.############ ##.##....###.#
#.## #.......# ##.#####.....#
..'#########.# #..# #..##.#
..#...≈# #.#######.#######....#
..#...≈#####.#.....#.......#.##..
#.#...≈#.....#.###.#.#####.#..#..
###...≈###.#.#.#@#.#.#.....##.#.#
..#≈≈≈≈#.....#.#...#.#.######.#.#
..#####'.#.###.#####.#.#.[.##...#
### ####.###.......#.#.#.###...
##########..########.#.#.#.# ##.#
.>.#.................#.#.#.# #.#
##.#.###############.#.#.#.# #..
##.#.# #.......#.#.#.# ### ##.#.#
#####.#.#.#.#.#


There were no monsters in sight!

Vanquished Creatures
  the Royal Jelly (Slime:5)
  An orb of fire (Zot:5)
  A dread lich (Vaults:4)
  An ancient lich (Vaults:5)
  A pandemonium lord (D:2)
  Bai Suzhen (Vaults:5)
  3 Killer Klowns
  Vashnia (Snake:4)
  Xtahua (Vaults:4)
  A caustic shrike (Depths:3)
  7 golden dragons
  A pearl dragon (Abyss:2)
  5 bone dragons
  An electric golem (Zot:3)
  Jorgrun (D:14)
  A walking crystal tome (Depths:2)
  14 Orb Guardians
  12 tentacled monstrosities
  2 Hell Sentinels (Abyss:3)
  6 quicksilver dragons
  2 liches (Vaults:5)
  4 titans (Vaults:5)
  A walking frostbound tome (Depths:4)
  8 death cobs
  An Executioner (Abyss:3)
  2 deep elf blademasters (Elf:3)
  16 acid blobs
  6 tentacled starspawn
  Frances (D:13)
  2 deep elf master archers (Elf:3)
  A thorn hunter (Swamp:4)
  16 shadow dragons
  2 sphinxes
  Donald (Vaults:4)
  9 draconian monks
  8 tengu reavers
  7 azure jellies
  13 storm dragons
  10 fire giants
  3 nagarajas
  14 rockslimes
  A revenant (Abyss:2)
  2 iron dragons (Vaults:5)
  9 draconian knights
  2 ghost moths (Zot:4)
  10 frost giants
  2 cacodemons (Depths:4)
  23 vault wardens
  7 deep elf sorcerers
  2 balrugs
  9 draconian scorchers
  Aizul (Depths:2)
  3 draconian stormcallers
  18 ironbound preservers
  2 deep elf elementalists (Elf:3)
  12 draconian shifters
  5 war gargoyles
  9 quicksilver oozes
  2 spriggan defenders
  4 orc warlords
  7 draconian annihilators
  8 ironbound thunderhulks
  35 very ugly things
  16 stone giants
  5 vampire knights
  11 green draconians
  Nessos (D:14)
  5 deep elf demonologists
  5 eleionomae
  The ghost of SirDiesAlot the Covert, a journeyman DEFE of Sif Muna (Lair:2)
  Azrael (Snake:1)
  15 black draconians
  10 deep elf annihilators
  10 purple draconians
  12 yellow draconians
  3 bunyips
  7 white draconians
  7 spark wasps (Depths:4)
  5 red draconians
  The ghost of Iich the Severer, a journeyman MiBe of Trog (Orc:2)
  3 dire elephants (Vaults:1)
  8 fire dragons
  9 ettins
  10 deep elf death magi
  A green death (D:1)
  11 great orbs of eyes
  14 yaktaur captains
  2 crystal guardians (Vaults:2)
  Josephine (D:13)
  5 deep elf high priests
  3 spriggan air magi
  6 salamander tyrants
  2 catoblepae
  5 entropy weavers
  4 peacekeepers
  14 hydras
  33 vault guards
  7 ice dragons
  2 rakshasas (Depths:1)
  Erolcha (Orc:2)
  A hell beast (Depths:2)
  3 ogre magi
  5 ironbound frosthearts
  17 anacondas
  14 centaur warriors
  7 ghost crabs
  28 starcursed masses
  A spriggan skeleton (Abyss:2)
  8 alligators
  3 death knights
  A merfolk avatar (Lair:5)
  4 death yaks (Lair:5)
  Erica (Lair:2)
  A two-headed ogre (shapeshifter) (Depths:2)
  9 two-headed ogres
  14 deep troll shamans
  A satyr (shapeshifter) (Vaults:5)
  7 boulder beetles
  39 dancing weapons
  14 naga warriors
  Urug (Lair:2)
  6 tengu warriors
  5 spriggan berserkers
  3 vampire magi
  A shock serpent (shapeshifter) (Vaults:5)
  3 deep troll earth magi
  20 thrashing horrors
  11 hell knights
  10 sun demons
  22 naga sharpshooters
  8 shock serpents
  8 wretched stars
  4 soul eaters
  27 deep elf knights
  A spectral death yak (Lair:2)
  5 skeletal warriors
  10 iron trolls
  7 goliath frogs
  A goliath frog (shapeshifter) (Depths:2)
  2 sea snakes (Snake:2)
  A sixfirhy (Depths:2)
  10 salamander mystics
  A shadow wraith (Vaults:5)
  A sea snake (shapeshifter) (Depths:2)
  68 deep trolls
  3 glowing orange brains
  3 flayed ghosts
  6 bog bodies
  An orb spider (Abyss:3)
  A swamp dragon (Swamp:3)
  4 spriggan druids
  A swamp dragon (shapeshifter) (Vaults:5)
  17 deep elf archers
  5 naga ritualists
  5 harpies
  A lindwurm (shapeshifter) (Depths:2)
  An orb spider (shapeshifter) (Depths:2)
  16 lindwurms
  6 phantasmal warriors
  3 spectral hydras (Swamp:4)
  19 ironbound convokers
  13 wizards
  22 deep elf zephyrmancers
  6 necromancers
  14 orc knights
  3 orc sorcerers
  32 deep elf pyromancers
  A spectral boulder beetle (Lair:2)
  2 oklob plants
  2 frost giant zombies (D:15)
  54 ugly things
  5 mana vipers
  A faun (shapeshifter) (Vaults:5)
  A wolf spider (D:15)
  4 will-o-the-wisps
  4 cyclopes
  33 salamanders
  18 moths of wrath
  A salamander (shapeshifter) (Elf:3)
  A manticore (D:14)
  5 worldbinders
  13 elephants
  6 guardian serpents
  A fire giant skeleton (Vaults:1)
  An eye of devastation (shapeshifter) (Depths:2)
  A frost giant skeleton (D:15)
  23 vault sentinels
  41 black mambas
  A dire elephant skeleton (Abyss:3)
  3 eyes of devastation
  11 smoke demons
  9 naga magi
  A cane toad (shapeshifter) (Elf:3)
  An orange demon (Depths:4)
  15 cane toads
  2 apocalypse crabs (Abyss:3)
  A gargoyle (D:13)
  A rime drake (shapeshifter) (Depths:2)
  2 demonic crawlers (Abyss:3)
  4 unseen horror zombies (D:9)
  A centaur skeleton (Abyss:2)
  5 swamp worm zombies (Swamp:4)
  7 komodo dragons
  3 rime drakes
  A freezing wraith (Vaults:5)
  A guardian mummy (D:15)
  8 hellwings
  34 yaktaurs
  3 ice devils
  A burning bush (Lair:1)
  A queen bee (Abyss:3)
  A troll (shapeshifter) (Depths:2)
  A queen bee (shapeshifter) (Depths:2)
  7 tyrant leeches
  6 ancient zymes
  7 trolls
  2 bloated husks
  2 polar bears (Lair:5)
  A polar bear (shapeshifter) (Depths:2)
  15 hornets
  8 meliai
  2 meliai (shapeshifter)
  Prince Ribbit (D:9)
  A hornet (shapeshifter) (Depths:2)
  6 hydra zombies (Swamp:4)
  5 alligator zombies (Swamp:4)
  A blink frog (shapeshifter) (Depths:2)
  2 wind drakes (shapeshifter) (Depths:2)
  A wind drake (Lair:5)
  Grinder (D:4)
  73 slime creatures
  4 snapping turtles (Lair:5)
  9 blink frogs
  A slime creature (shapeshifter) (Depths:2)
  25 raiju
  A spectral black mamba (Lair:2)
  2 spectral swamp dragons (Swamp:4)
  6 dream sheep (Lair:2)
  A jumping spider (Vaults:5)
  A centaur simulacrum (D:15)
  9 flying skulls (Abyss:2)
  5 air elementals
  13 spriggans
  9 wraiths
  16 yaks
  4 vampires
  4 ynoxinuls
  An ettin skeleton (D:15)
  A culicivora (shapeshifter) (Depths:3)
  6 water elementals
  3 wyverns
  8 humans
  5 fire elementals
  6 golden eyes
  4 basilisks
  3 steam dragons
  A basilisk (shapeshifter) (Elf:2)
  5 chaos spawn
  11 vampire mosquitoes
  4 neqoxecs
  7 redbacks
  Edmund (D:3)
  A yaktaur simulacrum (Vaults:1)
  19 swamp worms
  48 nagas
  A glowing shapeshifter zombie (Vaults:1)
  2 acid dragons
  12 water moccasins
  2 floating eyes
  6 hell hounds
  20 large abominations
  4 black bears
  A sky beast (D:7)
  2 swamp drakes (Swamp:1)
  28 orc warriors
  A swamp dragon zombie (Swamp:4)
  2 ice beasts
  A spectral torpor snail (Lair:2)
  8 ogres
  3 wolves
  16 centaurs
  6 boggarts
  6 phantoms
  4 earth elementals
  13 bullfrogs
  3 kobold brigands (D:9)
  A gnoll sergeant (D:6)
  A wyvern zombie (D:9)
  A scorpion (shapeshifter) (Abyss:3)
  3 scorpions
  10 wights
  14 killer bees
  6 howler monkeys
  2 electric eels (Snake:2)
  4 centaur zombies
  2 quasits
  2 jellies
  3 iron imps
  9 orc priests
  A hound (shapeshifter) (D:13)
  3 hounds
  3 gnoll boudas
  4 iguanas
  11 orc wizards
  2 spectral swamp drakes (Swamp:4)
  9 small abominations
  A killer bee zombie (D:9)
  4 howler monkey zombies (D:9)
  11 adders
  25 gnolls
  A swamp drake zombie (Swamp:4)
  6 white imps
  6 ufetubi
  5 dart slugs
  51 orcs
  5 bats
  5 endoplasms
  4 giant cockroaches
  7 goblins
  5 hobgoblins
  5 jackals
  6 ball pythons
  2 frilled lizards
  16 kobolds
  5 rats
  6 starspawn tentacles
2343 creatures vanquished.

Vanquished Creatures (collateral kills)
  2 dread liches (Zot:5)
  2 ancient liches (Zot:5)
  An orb of fire (Zot:5)
  Margery (Depths:4)
  3 Killer Klowns (Zot:5)
  An electric golem (Zot:5)
  10 Orb Guardians (Zot:5)
  A shadow dragon (Zot:5)
  A storm dragon (Zot:5)
  A draconian shifter (Zot:5)
  A red draconian (Zot:5)
  A yellow draconian (Zot:5)
  A vault guard (Vaults:5)
  Fannar (D:11)
  A yaktaur captain (Depths:4)
  A naga warrior (Snake:1)
  A wyvern (Lair:5)
  A naga (Snake:1)
  2 bullfrogs (Lair:2)
33 creatures vanquished.

Vanquished Creatures (others)
  A dread lich (Zot:5)
  An electric golem (Zot:5)
  A death cob (Zot:2)
  A quicksilver dragon (Zot:2)
  A frost giant (Vaults:5)
  2 fire giants
  A naga warrior (Snake:4)
  A shock serpent (Snake:1)
  A deep troll (Vaults:2)
  2 deep elf zephyrmancers
  2 deep elf pyromancers (Elf:3)
  2 bloated husks
  A wyvern (Lair:5)
  A swamp worm (Swamp:4)
  A phantom (Swamp:4)
  2 orc wizards (Orc:2)
  An orc (Orc:2)
  7 demonic plants (Abyss:3)
  7 foxfires
  54 fungi
  107 plants
  8 starspawn tentacles
  24 withered plants
229 creatures vanquished.

Grand Total: 2605 creatures vanquished

Notes
Turn   | Place    | Note
-------+----------+-------------------------------------------
     0 | D:1      | ragingrage the Merfolk Gladiator began the quest for the
                  | Orb.
     0 | D:1      | Reached XP level 1. HP: 16/16 MP: 1/1
    63 | D:1      | Found Dietuug's Armour Emporium.
   118 | D:1      | Found Deigab's Antique Armour Shoppe.
   127 | D:1      | Reached skill level 4 in Long Blades
   261 | D:1      | Reached XP level 2. HP: 21/22 MP: 2/2
   295 | D:1      | Found Buhan's Book Boutique.
   384 | D:1      | Found Mofubb's Weapon Shop.
   805 | D:1      | Found Wyemaa's Antique Armour Shoppe.
  1135 | D:2      | Reached skill level 5 in Long Blades
  1135 | D:2      | Reached XP level 3. HP: 19/27 MP: 3/3
  1211 | D:2      | Found a white marble altar of Elyvilon.
  1260 | D:2      | Became a worshipper of Elyvilon the Healer
  1356 | D:2      | Found a faded altar of an unknown god.
  1455 | D:2      | Reached XP level 4. HP: 26/33 MP: 4/4
  2006 | D:2      | Reached skill level 6 in Long Blades
  2520 | D:3      | Reached * piety under Elyvilon
  3024 | D:3      | Reached XP level 5. HP: 38/38 MP: 5/5
  3197 | D:3      | Reached ** piety under Elyvilon
  3440 | D:4      | Noticed an ogre
  3477 | D:4      | Noticed an ogre
  3534 | D:1      | Bought a runed buckler for 180 gold pieces
  3619 | D:4      | Noticed Edmund
  3625 | D:3      | Reached skill level 7 in Long Blades
  3689 | D:3      | Killed an ogre
  3690 | D:3      | Reached skill level 8 in Long Blades
  3690 | D:3      | Reached XP level 6. HP: 44/44 MP: 6/6
  3882 | D:3      | Reached skill level 9 in Long Blades
  4115 | D:4      | Found an opulent altar of Gozag.
  4196 | D:5      | Entered Level 5 of the Dungeon
  4275 | D:5      | Found a staircase to the Ecumenical Temple.
  4346 | D:5      | Reached XP level 7. HP: 50/50 MP: 7/7
  4899 | D:5      | Noticed a troll
  4927 | D:5      | Reached skill level 10 in Long Blades
  5075 | D:5      | Found Kebbif's Antique Armour Emporium.
  5431 | D:4      | Fell from the grace of Elyvilon
  5431 | D:4      | Became a worshipper of Gozag Ym Sagoz the Greedy
  5698 | D:4      | Noticed Grinder
  5698 | D:4      | Paralysed by Grinder for 5 turns
  5719 | D:4      | Killed Grinder
  5720 | D:4      | Reached skill level 11 in Long Blades
  5960 | D:5      | Reached XP level 8. HP: 39/56 MP: 8/8
  6142 | D:5      | Killed a troll
  6308 | D:5      | Reached skill level 12 in Long Blades
  6960 | D:5      | Bought a bloodstained leather armour for 154 gold pieces
  6960 | D:5      | Identified the +1 leather armour of the Assorted Songs
                  | {rCorr Int+2} (You bought it in a shop on level 5 of the
                  | Dungeon)
  7485 | D:6      | Reached skill level 13 in Long Blades
  7907 | D:6      | Found a shadowy altar of Dithmenos.
  7916 | D:6      | Found a sparkling altar of Nemelex Xobeh.
  8175 | D:6      | Reached XP level 9. HP: 40/61 MP: 9/9
  8824 | D:1      | Bought a fine scale mail for 198 gold pieces
  8824 | D:1      | Identified the +1 scale mail of Lesser Demons {-Tele rElec
                  | rPois rF-} (You bought it in a shop on level 1 of the
                  | Dungeon)
  9049 | D:7      | Reached skill level 14 in Long Blades
  9179 | D:7      | Reached skill level 1 in Shields
  9179 | D:7      | Reached skill level 1 in Evocations
  9492 | D:7      | Reached skill level 1 in Armour
  9773 | D:7      | Reached skill level 5 in Dodging
 10019 | D:1      | Bought an embroidered scarf for 176 gold pieces
 10322 | D:7      | Found Cashel's Antique Weapon Emporium.
 10702 | D:8      | Found a white marble altar of Elyvilon.
 10760 | D:8      | Gained mutation: You have hidden genetic potential. [potion
                  | of mutation]
 10760 | D:8      | Gained mutation: You occasionally lose the ability to drink
                  | potions when taking damage. [potion of mutation]
 10820 | D:8      | Noticed a troll
 10942 | D:8      | Killed a troll
 11392 | D:8      | Noticed an Executioner
 11393 | D:8      | Found a burning altar of Makhleb.
 11397 | D:8      | Found a glowing silver altar of Zin.
 11397 | D:8      | Noticed an angel
 11563 | D:9      | Noticed a hornet
 11622 | D:9      | Noticed a troll
 11640 | D:8      | Reached XP level 10. HP: 57/72 MP: 10/10
 12110 | D:9      | Reached skill level 5 in Fighting
 12163 | D:9      | Noticed a two-headed ogre
 12212 | D:9      | Noticed a two-headed ogre
 12372 | D:9      | Noticed a two-headed ogre
 12418 | D:9      | Gained mutation: You are agile. (Dex +4, Str/Int -1)
                  | [hidden potential]
 12593 | D:9      | Killed a two-headed ogre
 12796 | D:9      | Reached skill level 5 in Armour
 12806 | D:9      | Found Serosemp's Book Boutique.
 13017 | D:9      | Found Heext's Changing Room.
 13035 | D:9      | Bought a potion of lignification for 36 gold pieces
 13126 | D:9      | Noticed Prince Ribbit
 13133 | D:9      | Killed Prince Ribbit
 13341 | D:9      | Killed a two-headed ogre
 13342 | D:9      | Reached XP level 11. HP: 51/84 MP: 11/11
 13517 | D:9      | Killed a two-headed ogre
 13518 | D:9      | Reached skill level 15 in Long Blades
 13651 | D:9      | Gained mutation: You have supernaturally acute eyesight.
                  | (SInv) [hidden potential]
 13651 | D:9      | Lost mutation: You have hidden genetic potential. [hidden
                  | potential expressed]
 13911 | D:10     | Entered Level 10 of the Dungeon
 13911 | D:10     | Noticed a two-headed ogre
 14000 | D:10     | Killed a two-headed ogre
 14488 | D:10     | Reached skill level 10 in Dodging
 14584 | D:10     | Found Oselot's Antique Armour Emporium.
 14596 | D:10     | Bought a transparent helmet for 285 gold pieces
 14596 | D:10     | Identified the +0 helmet of Duty {rN+++ Will+ Str-3 Dex+7}
                  | (You bought it in a shop on level 10 of the Dungeon)
 14647 | D:10     | Identified the +1 long sword "Xisul" {speed, Drain rElec
                  | rPois rCorr}
 15322 | D:11     | Noticed Fannar
 15322 | D:11     | Found a staircase to the Lair.
 15421 | D:11     | Reached skill level 5 in Throwing
 15741 | D:11     | Noticed a cyclops
 15805 | D:11     | Noticed a cyclops
 15854 | D:11     | Killed a cyclops
 16041 | D:11     | Found Kihe's Weapon Shop.
 16130 | D:11     | Killed a cyclops
 16271 | Lair:1   | Entered Level 1 of the Lair of Beasts
 16291 | Lair:1   | Reached skill level 10 in Fighting
 16291 | Lair:1   | Reached XP level 12. HP: 85/97 MP: 12/12
 16478 | Lair:2   | Noticed Urug
 16725 | Lair:1   | Reached skill level 1 in Stealth
 16756 | Lair:1   | Noticed a five-headed hydra
 16983 | Lair:2   | Noticed a six-headed hydra
 17322 | Lair:3   | Found a staircase to the Swamp.
 17331 | Lair:3   | Found a staircase to the Snake Pit.
 17343 | Lair:3   | Noticed a catoblepas
 17368 | Lair:3   | Killed a catoblepas
 18044 | Lair:3   | Found a runed translucent door.
 18045 | Lair:3   | Noticed BlueFish's ghost (journeyman MiFi)
 18350 | Lair:4   | Noticed a boulder beetle
 18395 | Lair:4   | Killed a boulder beetle
 18396 | Lair:4   | Reached skill level 5 in Shields
 19714 | Lair:4   | Noticed a six-headed hydra
 19752 | Lair:4   | Reached skill level 5 in Stealth
 19766 | Lair:4   | Reached XP level 13. HP: 93/106 MP: 13/13
 20064 | Lair:5   | Entered Level 5 of the Lair of Beasts
 20283 | D:11     | Killed Fannar
 20370 | D:11     | Found a staircase to the Orcish Mines.
 20753 | D:1      | Bought the +3 pair of gauntlets of War {Slay+5} for 1140
                  | gold pieces
 20753 | D:1      | Found the +3 pair of gauntlets of War {Slay+5}
 20753 | D:1      | Bought a runed helmet for 180 gold pieces
 21024 | D:3      | Killed Edmund
 21839 | D:12     | Found Radewe Oriv's Armour Shop.
 23320 | Lair:2   | Killed Urug
 25178 | Lair:5   | Found a viscous altar of Jiyva.
 25179 | Lair:5   | Found a staircase to the Slime Pits.
 25435 | Lair:5   | Reached XP level 14. HP: 98/115 MP: 11/14
 26406 | Lair:2   | Noticed Erica
 26414 | Lair:2   | Killed Erica
 26545 | Lair:2   | Found a runed translucent gate.
 26545 | Lair:2   | Found a runed translucent gate.
 26545 | Lair:2   | Found a runed translucent gate.
 26546 | Lair:2   | Noticed SirDiesAlot's ghost (journeyman DEFE)
 28168 | D:13     | Noticed Frances
 28179 | D:13     | Killed Frances
 28203 | D:14     | Noticed Jorgrun
 28209 | D:15     | Entered Level 15 of the Dungeon
 29779 | D:15     | Found a staircase to the Depths.
 29843 | D:15     | Reached skill level 10 in Armour
 30545 | D:15     | HP: 5/118 [white ugly thing (24)]
 32160 | D:15     | Reached skill level 10 in Throwing
 32545 | D:15     | Reached skill level 10 in Stealth
 32552 | D:15     | Reached XP level 15. HP: 111/124 MP: 12/15
 33100 | D:14     | Killed Jorgrun
 33116 | D:14     | Noticed Nessos
 33131 | D:14     | Your ally Nessos died
 33421 | D:14     | Found a radiant altar of Vehumet.
 33675 | D:13     | Noticed Josephine
 33696 | D:13     | Killed Josephine
 34172 | Orc:1    | Entered Level 1 of the Orcish Mines
 34398 | Orc:2    | Entered Level 2 of the Orcish Mines
 35158 | Orc:2    | Noticed Erolcha
 35166 | Orc:2    | Killed Erolcha
 35211 | Orc:1    | Found a runed translucent gate.
 35211 | Orc:1    | Found a runed translucent gate.
 35211 | Orc:1    | Found a runed translucent gate.
 35211 | Orc:1    | Found an opulent altar of Gozag.
 35431 | Orc:2    | Found a staircase to the Elven Halls.
 35528 | Orc:2    | Found Uhotric's Distillery.
 35528 | Orc:2    | Found Zoejemnuga's Armour Shop.
 35528 | Orc:2    | Found Kuheaw's Book Boutique.
 35531 | Orc:2    | Found Ebla's Jewellery Emporium.
 35535 | Orc:2    | Bought a potion of haste for 140 gold pieces
 35560 | Orc:2    | Found a runed translucent door.
 35560 | Orc:2    | Noticed Iich's ghost (journeyman MiBe)
 35587 | Orc:2    | Noticed an orc warlord
 35681 | Orc:2    | Killed an orc warlord
 35682 | Orc:2    | Reached skill level 15 in Fighting
 36097 | D:7      | Bought a faintly glowing dagger for 182 gold pieces
 36097 | D:7      | Identified the +9 dagger of the Sharing Viper {venom,
                  | Str+7} (You bought it in a shop on level 7 of the Dungeon)
 36856 | Snake:1  | Entered Level 1 of the Snake Pit
 37319 | Snake:1  | Noticed Azrael
 37332 | Snake:1  | Killed Azrael
 38109 | Snake:1  | Reached XP level 16. HP: 115/136 MP: 14/16
 38316 | Snake:2  | Reached skill level 5 in Evocations
 38897 | Snake:2  | Identified the +1 pair of boots "Balytrem" {rElec rC-
                  | Str+7}
 39932 | Snake:2  | Found Neolegos's Assorted Antiques.
 39939 | Snake:2  | Bought a condenser vane for 1160 gold pieces
 39980 | Snake:2  | Found Kaboadd's Assorted Antiques.
 40026 | Snake:2  | Reached skill level 10 in Shields
 40068 | Snake:2  | Found Sonuom's Jewellery Shop.
 40219 | Snake:2  | Identified the +7 falchion "Vafid" {spect, *Noise Will+
                  | Str+2}
 42709 | Snake:3  | Noticed a nagaraja
 42745 | Snake:3  | Killed a nagaraja
 42888 | Snake:4  | Entered Level 4 of the Snake Pit
 43112 | Snake:4  | Reached XP level 17. HP: 135/142 MP: 15/17
 44333 | Snake:4  | Noticed Vashnia
 44508 | Snake:4  | Killed Vashnia
 47130 | Snake:4  | Got a serpentine rune of Zot
 47394 | Swamp:1  | Entered Level 1 of the Swamp
 47401 | Swamp:1  | Reached XP level 18. HP: 149/149 MP: 18/18
 48332 | Lair:2   | Killed SirDiesAlot's ghost
 48508 | D:10     | Bought a glowing scarf for 240 gold pieces
 48605 | Orc:2    | Bought the +1 leather armour of Lod Soev {Will- Dex+7} for
                  | 318 gold pieces
 48656 | Orc:2    | Killed Iich's ghost
 49704 | Swamp:2  | Found a runed translucent door.
 49901 | Swamp:3  | Reached skill level 10 in Evocations
 50188 | Swamp:3  | Found a transporter.
 50197 | Swamp:3  | Noticed Lisott's ghost (adept TrDe)
 50428 | Swamp:3  | Found a transporter.
 50465 | Swamp:4  | Entered Level 4 of the Swamp
 51412 | Swamp:4  | Noticed a bone dragon
 51702 | Swamp:4  | Killed a bone dragon
 52260 | Swamp:4  | Got a decaying rune of Zot
 52866 | Elf:1    | Entered Level 1 of the Elven Halls
 52946 | Elf:1    | Paralysed by an air elemental for 1 turns
 52951 | Elf:1    | Reached XP level 19. HP: 119/155 MP: 16/19
 53006 | Elf:1    | Found a flickering gateway to a bazaar.
 53059 | Bazaar   | Entered a bazaar
 53061 | Bazaar   | Found Yxipt's Book Boutique.
 53065 | Bazaar   | Found Zuskekkaxt's General Store.
 53065 | Bazaar   | Found Jachinluid's Distillery.
 53065 | Bazaar   | Found Issyut's General Store.
 53071 | Bazaar   | Bought a potion of curing for 51 gold pieces
 53071 | Bazaar   | Bought a potion of curing for 51 gold pieces
 53071 | Bazaar   | Bought a potion of curing for 51 gold pieces
 53071 | Bazaar   | Bought a potion of haste for 170 gold pieces
 53071 | Bazaar   | Bought a potion of heal wounds for 85 gold pieces
 53071 | Bazaar   | Bought a potion of might for 68 gold pieces
 53076 | Bazaar   | Bought a scroll of enchant weapon for 75 gold pieces
 53076 | Bazaar   | Bought a scroll of teleportation for 30 gold pieces
 53076 | Bazaar   | Bought a scroll of magic mapping for 75 gold pieces
 53083 | Bazaar   | Bought a potion of cancellation for 136 gold pieces
 53091 | Bazaar   | Bought a potion of resistance for 140 gold pieces
 53091 | Bazaar   | Bought an Inescapable Atlas for 448 gold pieces
 53094 | Bazaar   | Learned a level 2 spell: Blink
 53097 | Bazaar   | Learned a level 2 spell: Wereblood
 53101 | Bazaar   | Learned a level 3 spell: Ozocubu's Armour
 53181 | Elf:1    | Reached skill level 1 in Transmutations
 53319 | Elf:1    | Paralysed by an air elemental for 1 turns
 53327 | Elf:1    | Reached skill level 1 in Translocations
 53333 | Elf:1    | Paralysed by an air elemental for 1 turns
 53664 | Elf:1    | Identified a scroll of acquirement
 53671 | Elf:1    | Acquired the +7 demon blade "Spiderbane" {vamp, Str+3}
 53988 | D:12     | Bought the +4 scale mail of the Other Side {Will+} for 585
                  | gold pieces
 54479 | Elf:1    | Reached skill level 5 in Transmutations
 54629 | Elf:2    | Reached skill level 15 in Shields
 54939 | Elf:2    | Found a runed translucent gate.
 54939 | Elf:2    | Found a runed translucent gate.
 54939 | Elf:2    | Found a runed translucent gate.
 54994 | Elf:3    | Entered Level 3 of the Elven Halls
 55179 | Elf:3    | Found a flickering gateway to a bazaar.
 55232 | Bazaar   | Entered a bazaar
 55232 | Bazaar   | Found Ymimar's Book Shoppe.
 55328 | Bazaar   | Found Miuho's Armour Boutique.
 55334 | Bazaar   | Found Pacuyschib's Armour Emporium.
 55353 | Bazaar   | Found Biepno Ifixt's Book Shop.
 55387 | Bazaar   | Found Loiquico's General Store.
 55395 | Bazaar   | Bought a scroll of blinking for 75 gold pieces
 55395 | Bazaar   | Bought 2 curare-tipped darts for 12 gold pieces
 55670 | Elf:3    | Reached skill level 10 in Transmutations
 56276 | Elf:3    | Identified the ring of Jiurur {Will+ EV+4}
 56283 | Elf:3    | Reached skill level 1 in Ice Magic
 56558 | Elf:3    | Identified the +7 halberd of Objectivity {vorpal, *Slow
                  | Dex+8 Stlth+}
 56559 | Elf:3    | Noticed an Ice Fiend
 56583 | Elf:3    | Reached XP level 20. HP: 148/162 MP: 14/20
 56616 | Elf:3    | Identified the amulet of Xefryigu {RegenMP rN++ Int-2
                  | Stlth+}
 56732 | Elf:3    | Reached skill level 5 in Translocations
 56774 | Elf:3    | Identified the amulet of the Heavens {Faith rC+}
 56912 | Elf:3    | Identified the ring "Hoxoydi" {Fly Int+4 Dex+2}
 56994 | Elf:3    | Identified the +1 scale mail of Naateh {Rampage Will+ MP+9
                  | Str-3}
 57462 | D:13     | Found a gate to the Vaults.
 57576 | Vaults:1 | Entered Level 1 of the Vaults
 57704 | Vaults:1 | Identified the ring "Furan" {rElec rF+}
 57729 | Vaults:1 | Found a flickering gateway to a bazaar.
 57735 | Bazaar   | Entered a bazaar
 57752 | Bazaar   | Found Wouhigos's Book Emporium.
 57752 | Bazaar   | Found Obobilath's Jewellery Shoppe.
 57767 | Bazaar   | Identified the amulet of Res Nullius {RegenMP rPois rN+}
 58109 | Vaults:1 | Reached skill level 5 in Ice Magic
 58309 | Vaults:1 | Reached skill level 16 in Long Blades
 59164 | Vaults:1 | Reached skill level 17 in Long Blades
 59631 | Vaults:2 | Acquired a manual of Ice Magic
 59708 | Vaults:2 | Reached XP level 21. HP: 168/168 MP: 19/21
 60011 | Vaults:2 | Reached skill level 18 in Long Blades
 60301 | Vaults:2 | You fall into a shaft and drop 1 floor!
 60473 | Vaults:3 | Found a staircase to the Crypt.
 61096 | Vaults:3 | Found a runed translucent gate.
 61096 | Vaults:3 | Found a runed translucent gate.
 61096 | Vaults:3 | Found a runed translucent gate.
 61096 | Vaults:3 | Noticed Marixus's ghost (adept HOFi)
 61096 | Vaults:3 | Identified the +1 leather armour "Seiwivus" {rC+ Str+4}
 61098 | Vaults:3 | Identified the +9 glaive of the Thirteen Eyes {vorpal,
                  | Fragile rElec rPois Will++}
 61371 | Vaults:3 | Reached skill level 19 in Long Blades
 61503 | Vaults:3 | Identified the amulet of Suspicion {RegenMP +Inv}
 61586 | Vaults:3 | Reached skill level 10 in Ice Magic
 61590 | Vaults:3 | Reached skill level 15 in Dodging
 61867 | Vaults:3 | Found an iron altar of Okawaru.
 62219 | Vaults:2 | Reached skill level 20 in Long Blades
 62826 | Vaults:4 | Reached XP level 22. HP: 152/175 MP: 18/22
 62989 | Vaults:4 | Noticed Donald
 63015 | Vaults:4 | Killed Donald
 63678 | Vaults:4 | Noticed Xtahua
 63695 | Vaults:4 | Killed Xtahua
 65692 | Depths:1 | Entered Level 1 of the Depths
 65849 | D:15     | Reached skill level 15 in Ice Magic
 65967 | Depths:1 | Found a hazy altar of Hepliaklqana.
 65984 | Depths:1 | Found a gateway to Hell.
 66585 | Depths:2 | Gained mutation: Your magical capacity is low. (-10% MP) [a
                  | neqoxec]
 66857 | Depths:2 | Found a shimmering altar of Xom.
 66999 | Depths:2 | Noticed Aizul
 67008 | Depths:2 | Killed Aizul
 67269 | Depths:2 | Reached skill level 21 in Long Blades
 68081 | Depths:2 | Reached XP level 23. HP: 181/181 MP: 20/20
 68823 | Depths:2 | Found a one-way gate leading to the halls of Pandemonium.
 68930 | D:15     | Bought a scroll of acquirement for 936 gold pieces
 68930 | D:15     | Bought a scroll of fear for 72 gold pieces
 68930 | D:15     | Bought a scroll of summoning for 171 gold pieces
 68930 | D:15     | Bought a scroll of fog for 72 gold pieces
 68932 | D:15     | Acquired 904 gold pieces
 68936 | D:15     | Bought a dazzling hat for 423 gold pieces
 68936 | D:15     | Identified the -2 hat of Tenacity {Harm} (You bought it in
                  | a shop on level 15 of the Dungeon)
 68936 | D:15     | Bought a brightly glowing ring mail for 423 gold pieces
 68936 | D:15     | Identified the +3 ring mail "Jotainlo" {rElec Str+2} (You
                  | bought it in a shop on level 15 of the Dungeon)
 68942 | D:15     | Bought a dazzling scale mail for 270 gold pieces
 68942 | D:15     | Identified the +2 scale mail "Jaym Bigg" {rF++ rCorr Dex+2}
                  | (You bought it in a shop on level 15 of the Dungeon)
 68942 | D:15     | Bought a bronze ring mail for 270 gold pieces
 68942 | D:15     | Identified the +4 ring mail of the Crypt {+Blink rCorr
                  | Dex-5} (You bought it in a shop on level 15 of the Dungeon)
 69566 | Depths:3 | Found a one-way gate to the infinite horrors of the Abyss.
 69936 | Depths:3 | Found a one-way gateway to a ziggurat.
 70180 | Depths:3 | Identified the +10 battleaxe of the Incandescent {venom,
                  | rCorr MP-9 Str+5 SInv}
 70216 | Depths:3 | Noticed a caustic shrike
 70228 | Depths:3 | Killed a caustic shrike
 70505 | Depths:4 | Entered Level 4 of the Depths
 70558 | Depths:4 | Reached skill level 22 in Long Blades
 70606 | Depths:4 | Gained mutation: You are frail. (-10% HP) [a cacodemon]
 71073 | Depths:4 | Found a portal to a secret trove of treasure.
 71173 | Depths:4 | Found a corrupted altar of Lugonu.
 71788 | Elf:2    | Reached skill level 15 in Evocations
 71824 | Elf:2    | Reached skill level 1 in Spellcasting
 72509 | Depths:4 | Found a gate to the Realm of Zot.
 73461 | Depths:4 | Noticed Margery
 73473 | Depths:4 | Reached XP level 24. HP: 155/170 MP: 16/24
 73501 | Depths:4 | Found Ethromer's Overcharged Wands.
 73648 | Depths:4 | Bought a wand of quicksilver (18) for 1134 gold pieces
 73648 | Depths:4 | Bought a wand of digging (11) for 693 gold pieces
 73648 | Depths:4 | Bought a wand of iceblast (18) for 648 gold pieces
 73666 | Depths:4 | Killed Margery
 74344 | Depths:4 | Bought the ring of Xyos {rElec rPois rN++ Int+4 Stlth-} for
                  | 1184 gold pieces
 74738 | D:1      | Bought a +2 robe of fire resistance for 194 gold pieces
 74738 | D:1      | Bought the +2 pair of boots of the Moon Troll {Will- Str+2
                  | Dex+5} for 352 gold pieces
 75222 | Vaults:5 | Entered Level 5 of the Vaults
 75649 | Vaults:5 | Reached skill level 5 in Spellcasting
 75960 | Vaults:5 | Noticed an ancient lich
 75982 | Vaults:5 | Killed an ancient lich
 75983 | Vaults:5 | Noticed a dread lich
 76159 | Vaults:5 | Noticed Bai Suzhen
 76185 | Vaults:5 | Killed Bai Suzhen
 76200 | Vaults:5 | Identified the +2 robe of Gluttony {rElec rPois SInv}
 76571 | Vaults:5 | Reached XP level 25. HP: 180/180 MP: 23/27
 76571 | Vaults:5 | Identified the ring of Viang {rF- rC+ rCorr Int+7}
 76606 | Vaults:5 | Identified the +1 buckler "Qethrano" {+Inv rC+++ Regen+
                  | Int-4}
 76630 | Vaults:5 | Identified the +8 quarterstaff "Abubo" {vorpal, rC- rCorr
                  | SInv Stlth+}
 76638 | Vaults:4 | Killed a dread lich
 77157 | Vaults:4 | Reached skill level 15 in Armour
 77481 | Vaults:5 | Got the Compendium of Charms and the Ground
 77486 | Vaults:5 | Got a silver rune of Zot
 77489 | Vaults:5 | Got the Octavo of Feathery Conflict
 77601 | Vaults:5 | Identified the +6 hand axe "Siun" {drain, Will+}
 78774 | Slime:1  | Entered Level 1 of the Pits of Slime
 79695 | Slime:5  | Entered Level 5 of the Pits of Slime
 80031 | Slime:5  | Noticed the Royal Jelly
 80078 | Slime:5  | Killed the Royal Jelly
 80244 | Slime:5  | Identified the +9 long sword "Vonuc" {protect, Fragile
                  | Will+ Str+3 Dex+4}
 80322 | Slime:5  | Got a slimy rune of Zot
 80324 | Slime:5  | Got the Parchment of Windy Frostbite
 80346 | Slime:5  | Identified the ring "Qiciqarr" {Ice MP+9 Str+6 Int-4 SInv}
 80383 | Slime:5  | Identified the ring of Lilacs {Dex+3 SInv}
 80703 | Snake:2  | Bought a box of beasts for 1560 gold pieces
 81037 | Zot:1    | Entered Level 1 of the Realm of Zot
 81402 | Zot:2    | Reached XP level 26. HP: 196/196 MP: 26/27
 81759 | Zot:2    | Noticed a Killer Klown
 81781 | Zot:2    | Killed a Killer Klown
 82152 | Zot:2    | Noticed an orb of fire
 82998 | Depths:4 | You paid a toll of a +6 demon blade to enter a treasure
                  | trove
 82999 | Trove    | Entered a treasure trove
 83043 | Trove    | Identified the ring of Lust {Fire rCorr Str+7}
 83046 | Trove    | Identified the ring of Fanokhli {rPois Str+2}
 83052 | Trove    | Got the Guide on the Coals
 83057 | Trove    | Identified the amulet "Reqo" {rPois rC+ Regen+ Str+3}
 83091 | Trove    | Identified the amulet of Agyucs {Faith Will++ MP+9}
 84031 | Depths:4 | Bought the ring of Ragoho {Int+5 Dex+6 Stlth-} for 1198
                  | gold pieces
 85435 | Zot:3    | Reached skill level 15 in Stealth
 86428 | Zot:4    | Reached skill level 15 in Throwing
 87084 | Zot:5    | Entered Level 5 of the Realm of Zot
 87157 | Zot:4    | Reached XP level 27. HP: 186/204 MP: 27/27
 87179 | Zot:4    | Learned a level 4 spell: Manifold Assault
 87184 | Zot:4    | Learned a level 4 spell: Passage of Golubria
 87397 | Zot:5    | Reached skill level 23 in Long Blades
 87746 | Zot:5    | Noticed an orb of fire
 87753 | Zot:5    | Noticed an ancient lich
 87756 | Zot:5    | Noticed a dread lich
 87757 | Zot:5    | Noticed a dread lich
 87758 | Zot:5    | Noticed an ancient lich
 87759 | Zot:5    | Noticed a dread lich
 87766 | Zot:5    | Killed an ancient lich
 87769 | Zot:5    | Killed a dread lich
 87774 | Zot:5    | Killed a dread lich
 87984 | Zot:5    | Noticed an orb of fire
 87985 | Zot:5    | Noticed an orb of fire
 87998 | Zot:5    | Killed an orb of fire
 88004 | Zot:5    | Noticed an ancient lich
 88015 | Zot:5    | Killed an ancient lich
 88461 | Depths:4 | Voluntarily entered the Abyss.
 89477 | Depths:4 | Escaped the Abyss
 89504 | Depths:4 | Voluntarily entered the Abyss.
 90129 | Depths:4 | Escaped the Abyss
 90136 | Depths:4 | Voluntarily entered the Abyss.
 90161 | Depths:4 | Escaped the Abyss
 90163 | Depths:4 | Voluntarily entered the Abyss.
 90485 | Depths:4 | Escaped the Abyss
 90487 | Depths:4 | Voluntarily entered the Abyss.
 90711 | Abyss:3  | Got an abyssal rune of Zot
 90955 | Depths:4 | Escaped the Abyss
 91204 | Zot:5    | Got the Orb of Zot
 91211 | Zot:5    | Reached skill level 24 in Long Blades
 91233 | Zot:5    | Killed an orb of fire
 91805 | D:2      | Noticed Zagunui the pandemonium lord
 91821 | D:2      | Killed Zagunui the pandemonium lord
 91885 | D:$      | Escaped with the Orb!

Illustrated notes

Levels and vault maps discovered:
D:1:      matt_arrival_spirals, layout_basic, serial_rivers,
          chequers_serial_rivers_room_a, chequers_serial_rivers_small_3,
          chequers_serial_rivers_room_b, chequers_serial_rivers_small_b,
          chequers_serial_rivers_marsh, serial_shops, nicolae_shop_waterfront,
          shop, nicolae_square_shop, shop, nicolae_shop_overgrown_old_shop,
          minmay_box_of_dots
D:2:      layout_basic, hellmonk_ecumenical_altar_inner_sanctum, basic_altar,
          nrook_campfire, fountainhead, minmay_misc_feat_columns
D:3:      layout_loops_cross
D:4:      layout_rooms, mainiacjoe_overflow_cross_hatched, uniq_grinder,
          uniq_edmund
D:5:      layout_loops_corners, minmay_temple_entry_large_hall,
          serial_co_window_serial, co_window_corner_a,
          co_window_of_opportunity_a, co_window_paths_a, co_window_paths_a,
          co_window_paths_a, co_window_paths_b, co_window_unsneaky_path_b,
          co_window_corner_cb, co_window_broadway_a, co_window_broadway_c,
          co_window_unsneaky_path_b, co_window_paths_e, glass_columns_b,
          glass_columns_b, serial_shops, shop_coins
D:6:      layout_layer_cave, mainiacjoe_overflow_swirl
D:7:      layout_rooms, serial_shops, nicolae_shop_advertising_works
          [nicolae_subvault_shop_adworks], minmay_manual_moon
D:8:      layout_basic, grunt_temple_overflow_order_and_chaos_2,
          elyvilon_altar_1
D:9:      layout_loops_ring, serial_undead, serial_undead_e, serial_undead_e,
          serial_undead_c, serial_undead_e, serial_undead_a, serial_undead_b,
          serial_undead_f, serial_undead_a, serial_undead_c, serial_undead_c,
          serial_shops, nicolae_shop_behind_doors, nicolae_transmutations_shop,
          uniq_prince_ribbit1
D:10:     erik_cavepeople, layout_long_grid, serial_shops, kennysheep_mini_moat
D:11:     layout_rooms, david_lair_generic, orc_0_dummy, serial_shops,
          nicolae_shop_bloodbath_and_beyond, uniq_fannar
D:12:     layout_grid_maze, serial_shops, shop
D:13:     layout_irregular_city, grunt_vaults_entry_fortified, uniq_frances,
          uniq_josephine
D:14:     layout_rooms, nicolae_vehumet_radiance, uniq_nessos, uniq_jorgrun
D:15:     gammafunk_depths_entry_grave, layout_grid_maze
Lair:1:   layout_roguey, st_stairs_4, evilmike_ambush
          [evilmike_ambush_outer_basic, evilmike_ambush_inner_basic]
Lair:2:   layout_gridlike, gammafunk_ghost_necromancy, uniq_urug, uniq_erica
Lair:3:   layout_gridlike, swamp_mist, minmay_snake_entry_guardpost_small,
          gammafunk_ghost_grave
Lair:4:   cheibrodos_lair_overgrown_chateau, layout_regular_city
Lair:5:   gammafunk_lair_ancient_temple, layout_regular_city,
          minmay_slime_entry_eyes, serial_bayou_shore_b
Swamp:1:  layout_basic_swamp, evilmike_swamp_ruin_house_2
Swamp:2:  gammafunk_mikee_crab_dinner, layout_falls_marsh,
          nicolae_swamp_tree_isthmus
Swamp:3:  layout_basic_swamp, gammafunk_ghost_mausoleum,
          evilmike_swamp_ruin_house_3
Swamp:4:  swamp_pestilence, layout_basic_swamp
Snake:1:  layout_rooms, special_room, serial_bayou_shore_b, uniq_azrael
Snake:2:  layout_misc_corridors, serial_shops, shop,
          nicolae_shop_overgrown_old_shop, nicolae_shop_window_shopping,
          serial_bayou_shore_a, grunt_megastairs_2
Snake:3:  layout_rooms, library_closet, grunt_megastairs_1
Snake:4:  snake_pit_salamanders_mu, layout_cave_town, st_stairs_2,
          nrook_guardian_serpent_ordinary, uniq_vashnia
Slime:1:  layout_caves
Slime:2:  layout_caves
Slime:3:  layout_caves
Slime:4:  layout_caves
Slime:5
Orc:1:    layout_diamond_mine, ebering_ghost_gozag
Orc:2:    st_orc_rangers, layout_caves, hellmonk_ghost_happy_afterlife,
          uniq_erolcha
Elf:1:    eino_elf_arrival_sip, layout_geoelf_octagon, serial_shops,
          bzr_entry_dummy, hangedman_elven_crosses_minicolossus, drop_trap,
          minivault_14, grunt_megastairs_5
Elf:2:    nicolae_elf_blades_splatter_lattice [nicolae_blade_lattice],
          layout_geoelf_octagon
Elf:3:    elf_hall, layout_loops_cross, serial_shops, freezing_bzr
Vaults:1: st_hourglassy, grunt_vaults_twisty, nicolae_vaults_triangles,
          vaults_room_boxed, nicolae_vaults_diagonal_hallway_8,
          nicolae_vaults_big_ls, vaults_standard_mumra_enter_the_diamond,
          ontoclasm_vaults_gateway, vaults_mumra_hex, layout_vaults_omnicross,
          serial_shops, bzr_entry_road
Vaults:2: grunt_vaults_hallway_long, v_alt_pattern_6,
          nicolae_vaults_yaktaur_gun_rack, grunt_vaults_swirl, v_misc_5,
          v_misc_16, ontoclasm_vaults_pinch, nicolae_vaults_border_crossing,
          nicolae_vaults_theta, v_misc_19, nicolae_vaults_big_angled_halls,
          v_misc_19, v_misc_17, grunt_vaults_funnel, layout_vaults_omnibox
Vaults:3: gammafunk_ghost_fury_of_okawaru, nicolae_vaults_little_ls, v_misc_22,
          dpeg_vaults_monster_row, v_pattern_4, v_misc_5,
          nicolae_vaults_murderbox, vaults_room_fours,
          vaults_mumra_minichess_inversion, layout_vaults_omnigrid,
          blue_anna_dwarven_crypt
Vaults:4: nicolae_vaults_specimen_jars, vaults_dpeg_doors,
          nicolae_vaults_quartermaster, nicolae_vaults_angled_halls, v_misc_26,
          v_rooms_2, v_misc_10, nicolae_vaults_angled_halls,
          layout_vaults_big_room, uniq_donald, uniq_xtahua
Vaults:5: serial_shops, uniq_bai_suzhen
Depths:1: minmay_angry_zag, layout_cross, hell_entry,
          nicolae_hepliaklqana_hazy_memory, grunt_decor_junction, drop_trap,
          chequers_serial_rivers_room_a, nicolae_figureground_sparkle
Depths:2: vault_1, layout_basic, grunt_pan_entry_in_and_out, xom_teletrap_fun,
          hell_entry, uniq_aizul
Depths:3: minmay_inside_and_out, layout_cave_pools, enter_ziggurat_a,
          abyss_entry_glasseish, kennysheep_flooded_box, hell_entry,
          infiniplex_staircase_trident
Depths:4: grunt_zot_entry_gee_three, layout_gridlike, abyss_entry_flame_altar,
          rand_demon_pan_entry_7, minmay_misc_feat_hallway, enter_trove_2,
          grunt_hell_entry_dis_old, nicolae_shop_overcharged_wands, uniq_margery
Zot:1:    layout_basic, skrybe_zot_glass_3
Zot:2:    layout_cathedral_of_symmetry, nrook_zot_tub
Zot:3:    layout_gridlike
Zot:4:    layout_onion, grunt_ministairs_12, grunt_megastairs_4
Zot:5:    layout_cathedral_of_symmetry, nicolae_zot_crop_circle

Skill      XL: |  1  2  3  4  5  6  7  8  9 10 11 12 13 14 15 16 17 18 19 20 21 22 23 24 25 26 27 |
---------------+----------------------------------------------------------------------------------+-----
Long Blades    | 4 5 6 8 9 11 13 14 15 17 20 21 22 24 | 24.1
Shields        | 3 5 7 9 10 12 14 15 | 15.0
Evocations     | 2 4 7 9 11 12 15 16 17 | 17.4
Fighting       | 4 7 10 11 12 13 15 17 20 21 | 21.9
Armour         | 3 5 6 8 10 11 12 13 14 15 16 | 16.4
Dodging        | 6 8 10 13 16 18 19 21 22 23 | 23.5
Throwing       | 6 7 8 10 12 13 14 15 16 | 16.0
Stealth        | 5 7 10 12 13 14 15 17 | 17.5
Transmutations | 10 12 | 12.0
Translocations | 4 7 8 |  8.0
Ice Magic      | 2 5 12 15 | 15.0
Spellcasting   | 2 5 |  5.0

Action                   |  1- 3 |  4- 6 |  7- 9 | 10-12 | 13-15 | 16-18 | 19-21 | 22-24 | 25-27 || total
-------------------------+-------+-------+-------+-------+-------+-------+-------+-------+-------++-------
Melee: Long sword        |    97 |   144 |   453 |   519 |   381 |       |       |       |       ||  1594
       Punch             |     2 |       |       |       |       |       |       |       |       ||     2
       Tailslap          |       |     4 |       |       |    16 |    53 |     4 |     3 |     1 ||    81
       Unarmed           |       |       |    20 |       |       |       |       |       |       ||    20
       Great sword       |       |       |       |   120 |       |       |       |       |       ||   120
       Scimitar          |       |       |       |       |   665 |  1286 |   101 |       |       ||  2052
       Rapier            |       |       |       |       |    14 |       |       |       |       ||    14
       Dagger            |       |       |       |       |       |    14 |       |       |       ||    14
       Demon blade       |       |       |       |       |       |       |  1380 |  1719 |  2483 ||  5582
 Fire: Sling             |       |       |    24 |       |       |       |       |       |       ||    24
Throw: Throwing net      |       |     2 |     3 |     1 |     1 |       |       |       |     2 ||     9
       Boomerang         |       |       |     7 |    28 |       |       |       |       |       ||    35
       Javelin           |       |       |     1 |       |       |       |       |     4 |     3 ||     8
       Dart              |       |       |       |    60 |   101 |    17 |     9 |       |       ||   187
 Cast: Wereblood         |       |       |       |       |       |       |    42 |    62 |    50 ||   154
       Blink             |       |       |       |       |       |       |     2 |       |       ||     2
       Ozocubu's Armour  |       |       |       |       |       |       |       |     1 |     2 ||     3
Invok: Heal Other        |       |       |     2 |       |       |       |       |       |       ||     2
       Potion Petition   |       |       |       |       |       |     2 |       |     3 |       ||     5
       Call Merchant     |       |       |       |       |       |       |       |     5 |       ||     5
       Bribe Branch      |       |       |       |       |       |       |       |       |     2 ||     2
Evoke: Wand              |       |       |     7 |       |    16 |     8 |       |     3 |       ||    34
       Phial of floods   |       |       |       |       |     1 |     2 |     1 |     1 |       ||     5
       Condenser vane    |       |       |       |       |       |     4 |     4 |     9 |     6 ||    23
       Tin of tremorston |       |       |       |       |       |       |       |     3 |       ||     3
       Phantom mirror    |       |       |       |       |       |       |       |     3 |     1 ||     4
       Box of beasts     |       |       |       |       |       |       |       |       |     1 ||     1
  Use: Scroll            |       |       |     7 |     9 |    18 |     2 |     5 |     5 |     9 ||    55
       Potion            |       |       |     6 |       |     1 |     1 |     2 |     4 |     2 ||    16
 Stab: Sleeping          |       |     3 |     1 |     3 |    14 |    42 |    33 |    26 |     8 ||   130
       Held in net/web   |       |     1 |     5 |       |       |       |       |       |     3 ||     9
       Distracted        |       |       |     4 |    11 |    10 |    26 |    33 |    36 |   100 ||   220
       Betrayed ally     |       |       |       |       |     1 |       |       |       |       ||     1
       Invisible         |       |       |       |       |       |     8 |     3 |       |     3 ||    14
       Confused          |       |       |       |       |       |     2 |       |       |       ||     2
       Paralysed         |       |       |       |       |       |       |       |       |     4 ||     4
Armor: Leather armour    |    31 |    27 |    61 |    68 |    64 |    56 |    12 |       |       ||   319
       Skin              |       |       |    14 |       |       |       |       |       |       ||    14
       Scale mail        |       |       |     5 |       |       |       |   147 |   199 |   244 ||   595
       Ring mail         |       |       |       |       |    22 |   114 |       |       |       ||   136
Dodge: Dodged            |    76 |   114 |   224 |   357 |   684 |   699 |   673 |  1185 |  2021 ||  6033
Block: Buckler           |       |    18 |   114 |   165 |   505 |   152 |       |       |   932 ||  1886
       Kite shield       |       |       |       |       |       |   789 |   955 |  1248 |   153 ||  3145

Table legend: (Time is in decaauts)
 A = Elapsed time spent in this place.
 B = Non-inter-level travel time spent in this place.
 C = Inter-level travel time spent in this place.
 D = Time resting spent in this place.
 E = Time spent auto-exploring this place.
 F = Levels seen in this place.
 G = Mean time per level.
                   A        B        C        D        E       F      G
               +--------+--------+--------+--------+--------+-----+--------+
         Total |  88585 |  75857 |  12728 |  15594 |  38955 |  63 | 1406.1 |
       Dungeon |  29239 |  23074 |   6165 |   6360 |  11223 |  15 | 1949.3 |
          Lair |   9837 |   8088 |   1749 |   1701 |   4515 |   5 | 1967.4 |
         Swamp |   4164 |   3979 |    185 |    713 |   2335 |   4 | 1041.0 |
     Snake Pit |  10635 |  10011 |    624 |   3120 |   4578 |   4 | 2658.8 |
    Slime Pits |   1565 |   1475 |     90 |    364 |    360 |   5 |  313.0 |
  Orcish Mines |   2149 |   1914 |    235 |    392 |   1013 |   2 | 1074.5 |
   Elven Halls |   4320 |   3971 |    349 |    712 |   1783 |   3 | 1440.0 |
        Vaults |   9819 |   8575 |   1244 |    269 |   5473 |   5 | 1963.8 |
        Depths |   8419 |   7039 |   1380 |   1443 |   3797 |   4 | 2104.8 |
           Zot |   5763 |   5061 |    702 |    369 |   3156 |   5 | 1152.6 |
         Abyss |   2187 |   2187 |      0 |    149 |    350 |   7 |  312.4 |
        Bazaar |    296 |    296 |      0 |      0 |    215 |   3 |   98.7 |
         Trove |    186 |    186 |      0 |      0 |    152 |   1 |  186.0 |
               +--------+--------+--------+--------+--------+-----+--------+

Top non-repeatable levels by time:
    D:15: 4995 daAuts
 Snake:4: 3846 daAuts
Depths:4: 3174 daAuts
Depths:2: 3077 daAuts
 Snake:3: 2716 daAuts
     D:5: 2554 daAuts
 Snake:2: 2413 daAuts
  Lair:5: 2410 daAuts
Vaults:5: 2398 daAuts
     D:3: 2374 daAuts
     D:6: 2282 daAuts
  Lair:4: 2245 daAuts
    D:10: 2161 daAuts
Vaults:1: 2099 daAuts
  Lair:3: 1983 daAuts
